 Dungeon Crawl Stone Soup version 0.28-a0-535-g6f645e4c1d (webtiles) character file.

Game seed: 8623564863011010476

60 mg7810 the Shield-Bearer (level 3, -5/29 HPs)
             Began as a Demonspawn Fighter on Sept 26, 2021.
             Slain by a gnoll (8 damage)
             ... on level 2 of the Dungeon.
             The game lasted 00:03:22 (878 turns).

mg7810 the Shield-Bearer (Demonspawn Fighter)        Turns: 878, Time: 00:03:23

Health: -5/29      AC:  6    Str: 17    XL:     3   Next: 82%
Magic:  3/3        EV:  9    Int:  9    God:
Gold:   69         SH:  4    Dex: 12    Spells: 2/2 levels left

rFire   . . .      SeeInvis .   a - +0 long sword
rCold   . . .      Faith    .   c - +0 buckler
rNeg    . . .      Spirit   .   b - +0 scale mail
rPois   .          Reflect  .   (no helmet)
rElec   .          Harm     .   (no cloak)
rCorr   .          Rampage  .   (no gloves)
Will    .....                   (no boots)
Stlth   ..........              (no amulet)
HPRegen 0.09/turn               (no ring)
MPRegen 0.08/turn               (no ring)

@: mighty
A: claws 1
a: no special abilities


You were on level 2 of the Dungeon.
You visited 1 branch of the dungeon, and saw 2 of its levels.

You collected 69 gold pieces.

Inventory:

Hand Weapons
 a - a +0 long sword (weapon)
 h - a +1 vampiric dagger
Armour
 b - a +0 scale mail (worn)
 c - a +0 buckler (worn)
Scrolls
 f - a scroll of identify {unknown}
 i - a scroll of magic mapping {unknown}
Potions
 e - a potion of curing {unknown}
 g - a potion of haste {unknown}


   Skills:
 + Level 3.1 Fighting
 + Level 2.4 Long Blades
 + Level 3.1 Armour
 + Level 0.3 Dodging
 + Level 3.2 Shields
 * Level 1.0 Unarmed Combat


You had 2 spell levels left.
You didn't know any spells.
Your spell library was empty.

Dungeon Overview and Level Annotations

Branches:
Dungeon (2/15)

Altars:


Innate Abilities, Weirdness & Mutations

You have sharp fingernails.


Message History

You tear a large gash into the net.
The gnoll hits you from afar with a +0 spear.
You rip the net and break free!
The gnoll hits you from afar with a +0 spear.
The gnoll hits you but does no damage.
You closely miss the gnoll. The gnoll hits you but does no damage.
You hit the gnoll.
The gnoll is lightly wounded.
The gnoll closely misses you.
You barely miss the gnoll.
The gnoll is lightly wounded.
You block the gnoll's attack. The gnoll hits you but does no damage.
You slash the gnoll!
The gnoll is severely wounded.
The gnoll hits you with a +0 spear.
Your shield and scale mail prevent you from hitting the gnoll.
The gnoll is severely wounded.
The gnoll hits you with a +0 spear.
You slash the gnoll!
You kill the gnoll!
The gnoll hits you with a +0 flail.
You barely miss the gnoll. The gnoll hits you but does no damage.
You hit the gnoll.
The gnoll is heavily wounded.
The gnoll hits you with a +0 flail.
You slash the gnoll!
You kill the gnoll!
The gnoll barely misses you.
Your Unarmed Combat skill increases to level 1!
You closely miss the gnoll. The gnoll hits you with a +0 flail.
* * * LOW HITPOINT WARNING * * *
You barely miss the gnoll. The gnoll barely misses you.
You hit the gnoll.
The gnoll is moderately wounded.
The gnoll barely misses you. The gnoll hits you with a +0 flail.
* * * LOW HITPOINT WARNING * * *
You hit the gnoll.
The gnoll is almost dead.
The gnoll hits you with a +0 flail!
You die...

†.<.†..# ######.#
#.# .#####.#
.......#
######.###########
#...........#
###########.# #@#
#g# #.# #.# #.#
#.# #.# #.#


You could see a gnoll.

Vanquished Creatures
  2 gnolls (D:2)
  7 ball pythons
  5 bats (D:1)
  2 endoplasms
  2 giant cockroaches
  2 goblins (D:1)
  2 hobgoblins (D:1)
  7 jackals (D:1)
  2 quokkas (D:1)
  4 kobolds
  A rat (D:1)
36 creatures vanquished.

Vanquished Creatures (others)
  A plant (D:1)
1 creature vanquished.

Grand Total: 37 creatures vanquished

Notes
Turn   | Place    | Note
-------+----------+-------------------------------------------
     0 | D:1      | mg7810 the Demonspawn Fighter began the quest for the Orb.
     0 | D:1      | Reached XP level 1. HP: 18/18 MP: 1/1
    78 | D:1      | Gained mutation: You have sharp fingernails. [demonic
                  | ancestry]
    78 | D:1      | Reached XP level 2. HP: 16/24 MP: 2/2
   394 | D:1      | Found a faded altar of an unknown god.
   595 | D:1      | Reached XP level 3. HP: 29/29 MP: 3/3
   875 | D:2      | Reached skill level 1 in Unarmed Combat
   878 | D:2      | Slain by a gnoll

Illustrated notes

Levels and vault maps discovered:
D:1:      lemuel_arrival_rhombus, layout_rooms, dreamdust_ecumenical_altar_grove
D:2:      layout_loops_ring, minmay_statues_item, minmay_misc_feat_chi

Skill      XL: |  1  2  3 |
---------------+----------+-----
Shields        | 3 |  3.2
Long Blades    | 2 |  2.4
Armour         | 3 |  3.1
Unarmed Combat | 1 |  1.0
Fighting       | |  3.1
Dodging        | |  0.3

Action                   || total
-------------------------++-------
Melee: Long sword        ||   128
  Use: Potion            ||     1
Armor: Scale mail        ||    72
Dodge: Dodged            ||    71
Block: Buckler           ||    30

Table legend: (Time is in decaauts)
 A = Elapsed time spent in this place.
 B = Non-inter-level travel time spent in this place.
 C = Inter-level travel time spent in this place.
 D = Time resting spent in this place.
 E = Time spent auto-exploring this place.
 F = Levels seen in this place.
 G = Mean time per level.
                   A        B        C        D        E       F      G
               +--------+--------+--------+--------+--------+-----+--------+
         Total |    917 |    892 |     25 |      0 |    620 |   2 |  458.5 |
       Dungeon |    917 |    892 |     25 |      0 |    620 |   2 |  458.5 |
               +--------+--------+--------+--------+--------+-----+--------+

Top non-repeatable levels by time:
     D:1: 797 daAuts
     D:2: 119 daAuts
